 Dungeon Crawl Stone Soup version 0.24.1-14-gf8d2b509d9 (webtiles) character file.

Game seed: 3387638073741863551, levelgen mode: deterministic

29 Gruesph the Chiller (level 2, 20/20 HPs)
             Began as a Demigod Ice Elementalist on May 20, 2020.
             Quit the game on level 1 of the Dungeon.
             The game lasted 00:05:35 (1254 turns).

Gruesph the Chiller (Demigod Ice Elementalist)      Turns: 1254, Time: 00:05:36

Health: 20/20      AC:  2    Str: 11    XL:     2   Next: 81%
Magic:  7/7        EV: 12    Int: 19    God:
Gold:   64         SH:  0    Dex: 16    Spells: 2/5 levels left

rFire    . . .     SeeInvis .   b - +0 dagger (freeze)
rCold    . . .     Gourm    .   (no shield)
rNeg     . . .     Faith    .   a - +0 robe
rPois    .         Spirit   .   (no helmet)
rElec    .         Reflect  .   (no cloak)
rCorr    .         Harm     .   (no gloves)
MR       .....                  (no boots)
Stlth    ++........             (no amulet)
HPRegen  0.06/turn              (no ring)
MPRegen  0.10/turn              (no ring)

@: no status effects
A: high mp 1
a: no special abilities


You were on level 1 of the Dungeon.
You were not hungry.

You visited 1 branch of the dungeon, and saw 1 of its levels.

You collected 64 gold pieces.

Inventory:

Hand Weapons
 b - a +0 dagger of freezing (weapon)
Missiles
 e - 58 stones (quivered)
Armour
 a - a +0 robe (worn)
Scrolls
 h - 2 scrolls of enchant weapon {unknown}
 j - 2 scrolls of identify {unknown}
Potions
 c - 2 potions of mutation {unknown}
 d - 2 potions of curing {unknown}
 g - a potion of degeneration {unknown}
 i - 2 potions of brilliance {unknown}
Comestibles
 f - a ration


   Skills:
 - Level 1.7 Dodging
 - Level 2.0 Stealth
 - Level 2.0 Spellcasting
 - Level 0.8 Conjurations
 + Level 3.6 Ice Magic


You had 2 spell levels left.
You knew the following spells:

 Your Spells              Type           Power        Failure   Level  Hunger
a - Freeze                Ice            ###.         3%          1    #......
b - Throw Frost           Conj/Ice       ##....       11%         2    ###....

Your spell library contained the following spells:

 Spells                   Type           Power        Failure   Level  Hunger
 Ozocubu's Armour         Chrm/Ice       #.......     24%         3    ###....
 Throw Icicle             Conj/Ice       ##......     56%         4    #####..
 Summon Ice Beast         Ice/Summ       #.......     63%         4    #####..


Dungeon Overview and Level Annotations

Branches:
Dungeon (1/15)


Innate Abilities, Weirdness & Mutations

You have an increased reservoir of magic. (+10% MP)


Message History

Eating one of 2 chunks of flesh.
You eat one of the 2 chunks of flesh.
This raw flesh tastes terrible.
A giant cockroach comes into view.
You completely miss the giant cockroach.
The giant cockroach closely misses you.
You barely miss the giant cockroach.
The giant cockroach bites you but does no damage.
You hit the giant cockroach. You freeze the giant cockroach.
You kill the giant cockroach!
No target in view!
No target in view!
You see here a giant cockroach corpse.
Eating a chunk of flesh.
You eat the chunk of flesh.
This raw flesh tastes terrible.
j - 2 scrolls labeled BIRENAE CEVO (gained 1)
You see here a +0 club.
Done exploring.
Done exploring.
Done exploring.
Are you sure you want to abandon this character and quit the game? (Confirm with "yes".)

#.#.#.#..#.#.##...##.#
#########.#.#.#..#........##.#
#.........#.#.#....#.###..##.#
#.........###.#...........##.#
#.........[........#......##.#
#......).####.#..#.#########.##
#........# #.#..#.#..........#
###........####.#..#.#.########.#
................@.>#.#.# #..
###......)...#..#..#.#.# ##†
#####.#......#..#..#.#.# #.
......#......#..#..#.#.#########.
#####.########..#..#.............
.............#..#..#.#.#.#.P..♣#.
...........#.#..#.##.#.♣≈≈≈≈≈P≈≈.
...........#.#..####.#P≈≈♣≈≈P≈≈.P
.).######..#.#.......#.≈≈.≈≈≈≈.≈.


There were no monsters in sight!

Vanquished Creatures
  An ooze (D:1)
  A leopard gecko (D:1)
  A ball python (D:1)
  A giant cockroach (D:1)
  3 hobgoblins (D:1)
  2 bats (D:1)
  2 frilled lizards (D:1)
  3 goblins (D:1)
  5 kobolds (D:1)
  6 rats (D:1)
25 creatures vanquished.

Notes
Turn   | Place    | Note
-------+----------+-------------------------------------------
     0 | D:1      | Gruesph the Demigod Ice Elementalist began the quest for
                  | the Orb.
     0 | D:1      | Reached XP level 1. HP: 14/14 MP: 5/5
   389 | D:1      | Reached skill level 3 in Ice Magic
   518 | D:1      | Reached XP level 2. HP: 20/20 MP: 7/7
   618 | D:1      | Learned a level 2 spell: Throw Frost
  1254 | D:1      | Quit the game

Levels and vault maps discovered:
D:1:      arrival_zaba_pyramid, layout_basic, serial_bayou_pond_b

Skill      XL: |  1 |
---------------+----+-----
Stealth        | 2 |  2.0
Spellcasting   | 2 |  2.0
Ice Magic      | 3 |  3.6
Dodging        | |  1.7
Conjurations   | |  0.8

Action                   || total
-------------------------++-------
Melee: Mace              ||    11
       Dagger            ||    18
       Unarmed           ||     1
 Cast: Freeze            ||    15
       Throw Frost       ||     8
  Eat: Chunk             ||     2
Armor: Robe              ||    12
Dodge: Dodged            ||    22
